 Dungeon Crawl Stone Soup version 0.30.0-10-gfe55d96785 (webtiles) character file.

Game seed: 1334344996473119845

377 monsoonserge the Trooper (level 6, 0/66 HPs)
             Began as an Ogre Cinder Acolyte on May 14, 2023.
             Was a High Priest of Ignis.
             Slain by an orc
             ... wielding a +0 trident
              (2 damage)
             ... on level 4 of the Dungeon.
             The game lasted 00:08:52 (3072 turns).

monsoonserge the Trooper (Ogre Cinder Acolyte)      Turns: 3072, Time: 00:08:52

Health: 0/66       AC:  3    Str: 21    XL:     6   Next: 73%
Magic:  8/8        EV:  9    Int: 15    God:    Ignis [*****.]
Gold:   148        SH:  0    Dex:  4    Spells: 6/8 levels left

rFire   + + .        a - -1 mace (flame)
rCold   + + .        (no shield)
rNeg    . . .        b - +0 robe
rPois   .            (helmet restricted)
rElec   .            w - scarf {rC+ rF+}
rCorr   .            (gloves unavailable)
SInv    .            (boots unavailable)
Will    .....        l - amulet of the acrobat
Stlth   +            u - ring of protection from cold
HPRegen 0.31/turn    (no ring)
MPRegen 0.11/turn

%: acrobat
@: no status effects
A: large, unfitting armour, tough skin 1
a: Renounce Religion, Fiery Armour, Foxfire Swarm, Rising Flame


You were on level 4 of the Dungeon.
You worshipped Ignis.
Ignis was extremely pleased with you.
You visited 1 branch of the dungeon, and saw 4 of its levels.

You collected 148 gold pieces.

Inventory:

Hand Weapons
 a - a -1 mace of flaming (weapon)
Missiles
 y - 8 javelins (quivered)
Armour
 b - a +0 robe (worn)
 w - a scarf of resistance (worn)
Jewellery
 l - an amulet of the acrobat (around neck)
 u - a ring of protection from cold (left hand)
Wands
 q - a wand of roots (8)
Scrolls
 e - a scroll of poison {unknown}
 f - a scroll of vulnerability {unknown}
 g - 2 scrolls of identify {unknown}
 h - a scroll of brand weapon {unknown}
 j - 2 scrolls of fog {unknown}
 k - 2 scrolls of immolation {unknown}
 n - 2 scrolls of enchant armour {unknown}
 p - a scroll of teleportation {unknown}
Potions
 c - 2 potions of flight {unknown}
 d - 2 potions of haste {unknown}
 i - a potion of degeneration {unknown}
 m - 3 potions of cancellation {unknown}
 o - a potion of ambrosia {unknown}
 r - a potion of mutation {unknown}
 s - a potion of invisibility {unknown}
 t - a potion of might {unknown}
 v - a potion of curing {unknown}
 x - a potion of brilliance {unknown}
 z - a potion of resistance


   Skills:
 + Level 5.4 Fighting
 * Level 0.5(3.1) Axes
 + Level 4.4(4.5) Maces & Flails
 * Level 0.5(3.1) Staves
 + Level 2.0 Dodging
 + Level 1.9 Spellcasting
 + Level 3.6 Fire Magic
 - Level 1.0 Evocations


You had 6 spell levels left.
You knew the following spells:

 Your Spells              Type           Power      Damage    Failure   Level
a - Scorch                Fire           24%        2d6       8%          2

Your spell library contained the following spells:

 Spells                   Type           Power      Damage    Failure   Level
 Apportation              Tloc           2%         N/A       22%         1
 Static Discharge         Conj/Air       2%         2-3/arc   34%         2
 Airstrike                Air            0%         2d(1-17)  92%         4
 Summon Lightning Spire   Summ/Air       1%         N/A       92%         4
 Alistair's Intoxication  Tmut/Pois      0%         N/A       99%         5


Dungeon Overview and Level Annotations

Branches:
Dungeon (4/15)
 Temple: D:4-7

Altars:
Xom

Shops:
D:1 [*[(*


Innate Abilities, Weirdness & Mutations

You are too large for most types of armour.
You have tough skin. (AC +1)


Message History

You barely miss the orc.
The orc is heavily wounded.
The orc priest calls down the wrath of Beogh upon you.
You struggle to resist.
The orc completely misses you.
You closely miss the orc.
The orc is heavily wounded.
The orc priest hits you with a +0 club. The orc hits you with a +0 trident!
The orc priest completely misses you.
You hit the orc priest. You burn the orc priest.
The orc priest is lightly wounded.
The orc priest invokes the aid of Beogh against you.
Beogh smites you! The orc hits you with a +0 flail!
The orc hits you from afar with a +0 trident!
* * * LOW HITPOINT WARNING * * *
Unknown command.
You hit the orc priest. You burn the orc priest.
The orc priest is heavily wounded.
The orc priest barely misses you. The orc hits you but does no damage.
The orc hits you from afar with a +0 trident.
* * * LOW HITPOINT WARNING * * *
You hit the orc priest but do no damage.
The orc priest is heavily wounded.
The orc priest closely misses you. The orc barely misses you.
The orc closely misses you.
You barely miss the orc priest. Your punch misses the orc priest.
The orc priest is heavily wounded.
The orc priest closely misses you.
The orc hits you from afar with a +0 trident.
* * * LOW HITPOINT WARNING * * *
The orc barely misses you.
You thump the orc priest! You burn the orc priest.
You kill the orc priest!
The orc throws a stone.
The stone hits you.
* * * LOW HITPOINT WARNING * * *
The orc hits you from afar with a +0 trident.
* * * LOW HITPOINT WARNING * * *
The orc hits you with a +0 flail.
* * * LOW HITPOINT WARNING * * *
The orc hits you from afar with a +0 trident.
You die... .# .## ..[... ..## #...... ##### ..## ###........ ......#..##....#...... #.......# W...... ####..[## oo.....

##....####o......
#.<##....@o#....
#....####...........
#..### ###........##
#. #.....##..... #
.....##[.# .....
##### #.... ...$
###....... .......
......


You could see a phantom and 4 orcs.

Vanquished Creatures
  A hound (D:4)
  2 jellies (D:3)
  2 orc priests
  Natasha (thrice) (D:2)
  Terence (D:3)
  2 orc wizards (D:3)
  3 adders
  6 dart slugs
  4 orcs (D:3)
  12 endoplasms
  4 giant cockroaches
  4 goblins
  5 hobgoblins
  A jackal (D:2)
  3 kobolds
  2 quokkas (D:1)
  5 ball pythons
  5 bats
  4 frilled lizards
  4 rats
73 creatures vanquished.

Notes
Turn   | Place    | Note
-------+----------+-------------------------------------------
     0 | D:1      | monsoonserge the Ogre Cinder Acolyte began the quest for
                  | the Orb.
     0 | D:1      | Reached XP level 1. HP: 24/24 MP: 2/2
   109 | D:1      | Reached XP level 2. HP: 32/33 MP: 3/3
   185 | D:1      | Found Silachis's Weapon Shop.
   212 | D:1      | Found Poudae Qegg's Assorted Antiques.
   296 | D:1      | Found Emam Kyxigg's Assorted Antiques.
   486 | D:1      | Reached XP level 3. HP: 36/40 MP: 4/4
   489 | D:1      | Learned a level 2 spell: Scorch
   595 | D:1      | Found Tosycson's Antique Armour Boutique.
   774 | D:1      | Found Daorihep's Armour Shoppe.
  1201 | D:2      | Noticed Natasha
  1206 | D:2      | Killed Natasha
  1207 | D:2      | Reached XP level 4. HP: 37/49 MP: 5/5
  1300 | D:2      | Reached skill level 5 in Fighting
  1514 | D:2      | Noticed Natasha
  1520 | D:2      | Killed Natasha
  1521 | D:2      | Reached skill level 1 in Dodging
  1531 | D:2      | Noticed Natasha
  1609 | D:2      | Killed Natasha
  1610 | D:2      | Reached XP level 5. HP: 43/57 MP: 3/6
  1913 | D:3      | Found a faded altar of an unknown god.
  2111 | D:3      | Reached XP level 6. HP: 8/66 MP: 8/8
  2114 | D:3      | HP: 2/66 [orc priest/+0 club (2)]
  2526 | D:3      | Noticed Terence
  2543 | D:3      | Killed Terence
  2995 | D:3      | Found a shimmering altar of Xom.
  3009 | D:3      | Reached skill level 1 in Evocations
  3072 | D:4      | HP: 3/66 [orc/+0 trident (6)]
  3072 | D:4      | Slain by an orc

Illustrated notes

Levels and vault maps discovered:
D:1:      nicolae_arrival_memento_mori, layout_basic, serial_shops, shop, shop,
          nicolae_shop_bloodbath_and_beyond, nicolae_diamond_shop, shop
D:2:      minmay_spotlight, layout_basic, uniq_natasha
D:3:      cheibrodos_pilgrimage, layout_basic, dk_xom_monty_hall,
          shapermc_ecumenical_altar_gd, uniq_terence
D:4:      layout_rooms, minmay_temple_entry_wispy

Skill      XL: |  1  2  3  4  5  6 |
---------------+-------------------+-----
Fire Magic     | 3 |  3.6
Maces & Flails | 3 4 |  4.4
Fighting       | 5 |  5.4
Dodging        | 1 2 |  2.0
Evocations     | 1 |  1.0
Axes           | |  0.5
Staves         | |  0.5
Spellcasting   | |  1.9

Action                     |  1- 3 |  4- 6 || total
---------------------------+-------+-------++-------
  Melee: Mace              |   122 |   137 ||   259
         Punch             |       |     1 ||     1
   Cast: Scorch            |       |     9 ||     9
 Armour: Robe              |    48 |    28 ||    76
  Dodge: Dodged            |    82 |    72 ||   154
